 Dungeon Crawl Stone Soup version 0.27.1-1-g398f81649c (webtiles) character file.

Game seed: 5634435353673112833

217 Tromgard the Slasher (level 5, -1/39 HPs)
             Began as a Demonspawn Gladiator on Sept 12, 2021.
             Was an Initiate of Gozag.
             Killed from afar by an orc wizard (6 damage)
             ... with a magic dart
             ... on level 4 of the Dungeon.
             The game lasted 00:16:41 (3602 turns).

Tromgard the Slasher (Demonspawn Gladiator)         Turns: 3602, Time: 00:16:42

Health: -1/39      AC:  5    Str: 15    XL:     5   Next: 62%
Magic:  5/5        EV: 12    Int:  9    God:    Gozag
Gold:   414        SH:  0    Dex: 15    Spells: 3/4 levels left

rFire    . . .     SeeInvis .   g - +0 falchion
rCold    . . .     Faith    .   (no shield)
rNeg     + . .     Spirit   .   b - +0 leather armour
rPois    .         Reflect  .   (helmet restricted)
rElec    .         Harm     .   n - +0 cloak
rCorr    +         Rampage  .   l - +0 pair of gloves
Will     .....                  (no boots)
Stlth    +.........             (no amulet)
HPRegen  0.13/turn              i - ring of positive energy
MPRegen  0.09/turn              k - ring of resist corrosion

@: mighty, gold aura
A: horns 1, powered by pain 3
a: Renounce Religion, Potion Petition, Call Merchant, Bribe Branch


You were on level 4 of the Dungeon.
You worshipped Gozag.
Gozag was aware of your devotion.
You visited 1 branch of the dungeon, and saw 4 of its levels.

You collected 414 gold pieces.

Inventory:

Hand Weapons
 g - a +0 falchion (weapon)
Armour
 b - a +0 leather armour (worn)
 l - a +0 pair of gloves (worn)
 n - a +0 cloak (worn)
Jewellery
 f - a ring of fire
 i - a ring of positive energy (left hand)
 k - a ring of resist corrosion (right hand)
Scrolls
 a - a scroll of teleportation {unknown}
 c - a scroll of vulnerability {unknown}
 d - 2 scrolls of enchant weapon {unknown}
 h - a scroll of amnesia {unknown}
 j - a scroll of noise {unknown}
 p - 2 scrolls of identify
Potions
 m - a potion of flight
 o - 2 potions of magic
 q - 2 potions of mutation {unknown}


   Skills:
 + Level 2.5 Fighting
 + Level 4.3 Long Blades
 + Level 1.8 Throwing
 + Level 2.2 Armour
 + Level 3.3 Dodging
 + Level 0.5 Stealth
 + Level 0.1 Spellcasting
 + Level 0.4 Air Magic


You had 3 spell levels left.
You knew the following spells:

 Your Spells              Type           Power      Damage    Failure   Level
a - Shock                 Conj/Air       0%         1d3       41%         1

Your spell library contained the following spells:

 Spells                   Type           Power      Damage    Failure   Level
 Swiftness                Air            0%         N/A       77%         3
 Airstrike                Air            0%         N/A       99%         4


Dungeon Overview and Level Annotations

Branches:
Dungeon (4/15)
 Temple: D:4-7

Altars:
Elyvilon
Gozag
Hepliaklqana
Wu Jian
Yredelemnul

Annotations:
D:4 2 transporters


Innate Abilities, Weirdness & Mutations

You have a pair of small horns on your head.
You are powered by pain.


Message History

Something tries to affect you, but you resist.
The orc barely misses you.
You closely miss the quokka.
The quokka is no longer distracted by gold.
You feel less confused. The quokka closely misses you.
You riposte.
You closely miss the quokka. Something hits you but does no damage.
The orc barely misses you.
The wyvern hisses angrily.
You hit the quokka. Your headbutt misses the quokka.
The quokka is almost dead.
The wyvern is no longer distracted by gold.
The adder is no longer distracted by gold.
The quokka barely misses you.
You riposte.
You closely miss the quokka.
The quokka is almost dead.
Something hits you but does no damage. The orc barely misses you.
The quokka bites you.
You barely miss the quokka.
The quokka is almost dead.
Something hits you.
* * * LOW HITPOINT WARNING * * *
The quokka bites you.
* * * LOW HITPOINT WARNING * * *
The orc barely misses you.
Okay, then.
Okay, then.
It was a potion of might.
You feel very mighty all of a sudden. The quokka bites you.
* * * LOW HITPOINT WARNING * * *
Something hits you.
* * * LOW HITPOINT WARNING * * *
The orc closely misses you. The quokka misses you.
You riposte.
You hit the quokka.
You kill the quokka!
The orc is distracted by your dazzling golden aura.
Found a scroll of identify.
A magic dart appears from out of thin air!
The magic dart hits you.
You die...
Your body crumbles into a pile of gold.

#....©..rc#...... .......
#...[...Ko#.... #....# #
##8....S8##o.# #....###
.#########$..# ##....#._
.....©..o..#{# ##.....##. $
......$.o###.# #......##♣
......#$.###.####..#.###.#.##
..$.. #..........?.#.#.......
.... #..###@#######.#.#.#.#.
... #......# #.#.#...#. ..
#...##.# #.#.##.... .
#.#..#.# #.#....... #.#..#.#
#.####...# #.#..#.#######.#
#...# #.#............## #...#
#.##.....####...# #...#
#.##.....# #...# #...<


You could see an orc.

Vanquished Creatures
  A scorpion (D:4)
  4 gnolls (D:3)
  3 adders
  3 worms
  A dart slug (D:2)
  4 orcs
  9 ball pythons
  4 bats
  12 endoplasms
  3 giant cockroaches
  7 goblins
  4 hobgoblins (D:1)
  5 quokkas
  5 frilled lizards
  5 kobolds
  2 rats (D:2)
72 creatures vanquished.

Notes
Turn   | Place    | Note
-------+----------+-------------------------------------------
     0 | D:1      | Tromgard the Demonspawn Gladiator began the quest for the
                  | Orb.
     0 | D:1      | Reached XP level 1. HP: 16/16 MP: 1/1
   253 | D:1      | Reached skill level 3 in Long Blades
   253 | D:1      | Gained mutation: You sometimes gain a little power by
                  | taking damage. [demonic ancestry]
   253 | D:1      | Reached XP level 2. HP: 21/22 MP: 2/2
  1169 | D:1      | Gained mutation: You sometimes gain power by taking damage.
                  | [demonic ancestry]
  1169 | D:1      | Reached XP level 3. HP: 22/27 MP: 3/3
  1177 | D:1      | Found a faded altar of an unknown god.
  1207 | D:1      | Became a worshipper of Gozag Ym Sagoz the Greedy
  1934 | D:2      | Reached skill level 1 in Armour
  1964 | D:2      | Found a hazy altar of Hepliaklqana.
  2611 | D:3      | Gained mutation: You have a pair of small horns on your
                  | head. [demonic ancestry]
  2611 | D:3      | Reached XP level 4. HP: 28/33 MP: 4/4
  2619 | D:3      | HP: 1/33 [poisoned by an adder]
  2951 | D:3      | Reached skill level 4 in Long Blades
  2999 | D:3      | Found an ornate altar of the Wu Jian Council.
  3141 | D:3      | Learned a level 1 spell: Shock
  3149 | D:3      | Gained mutation: You are powered by pain. [demonic
                  | ancestry]
  3149 | D:3      | Reached XP level 5. HP: 33/39 MP: 2/5
  3391 | D:3      | Found a basalt altar of Yredelemnul.
  3524 | D:4      | Found a hazy altar of Hepliaklqana.
  3570 | D:4      | Found a transporter.
  3574 | D:4      | Noticed a wyvern
  3575 | D:4      | Noticed a centaur
  3576 | D:4      | Found a transporter.
  3602 | D:4      | Killed from afar by an orc wizard

Illustrated notes

Levels and vault maps discovered:
D:1:      onia_arrival_mini_maze, layout_basic, basic_ecumenical_altar
D:2:      layout_basic, basic_altar
D:3:      layout_rooms, lemuel_round_altar, pdpol_wu_jian_five_deadly_venoms,
          feat_on_display
D:4:      layout_basic, overflow_temple_1_default,
          gammafunk_temple_overflow_arena, gammafunk_temple_overflow_statue,
          minmay_temple_entry_overgrown, st_stairs_14, minmay_liquid_box,
          minmay_manual_mandibuliform

Skill      XL: |  1  2  3  4  5 |
---------------+----------------+-----
Long Blades    | 3 4 |  4.3
Dodging        | 3 |  3.3
Armour         | 1 2 |  2.2
Fighting       | |  2.5
Throwing       | |  1.8
Stealth        | |  0.5
Spellcasting   | |  0.1
Air Magic      | |  0.4

Action                   |  1- 3 |  4- 6 || total
-------------------------+-------+-------++-------
Melee: Long sword        |   135 |    32 ||   167
       Headbutt          |       |    18 ||    18
       Falchion          |       |    27 ||    27
 Cast: Shock             |       |     2 ||     2
  Use: Scroll            |     2 |     3 ||     5
       Potion            |       |     1 ||     1
 Stab: Sleeping          |     1 |       ||     1
Armor: Leather armour    |    41 |    21 ||    62
Dodge: Dodged            |    87 |    62 ||   149
       Rpst.: Long sword |    26 |     5 ||    31
       Falchion          |       |    10 ||    10
